 Dungeon Crawl Stone Soup version 0.26-a0-971-g1d9d62bb61 (webtiles) character file.

Game seed: 8917317554437110103

112460 lunkers the Slayer (level 16, 0/206 HPs)
             Began as an Ogre Ice Elementalist on Dec 4, 2020.
             Was the Champion of Ashenzari.
             Killed from afar by a shock serpent (15 damage)
             ... with a bolt of electricity
             ... on level 4 of the Snake Pit on Dec 7, 2020.
             The game lasted 01:08:14 (41190 turns).

lunkers the Slayer (Ogre Ice Elementalist)         Turns: 41190, Time: 01:08:15

Health: 0/206      AC: 10    Str: 16    XL:     16   Next: 60%
Magic:  8/33       EV: 11    Int: 21    God:    Ashenzari [******]
Gold:   356        SH: 16    Dex: 11    Spells: 22/42 levels left

rFire    . . .     SeeInvis +   a - +6 falchion of Defiance {vorpal, MR++ Dex+2} (curse)
rCold    . . .     Faith    .   x - +0 kite shield (curse)
rNeg     . . .     Spirit   .   D - +0 steam dragon scales (curse)
rPois    .         Reflect  +   w - +2 hat (curse)
rElec    .         Harm     .   E - +1 cloak (curse)
rCorr    .         Rampage  .   (gloves unavailable)
MR       +++..     Clarity  +   (boots unavailable)
Stlth    +++.......             F - amulet of reflection (curse)
HPRegen  0.44/turn              b - ring of wizardry (curse)
MPRegen  0.23/turn              O - ring of stealth (curse)

@: no status effects
A: large, unfitting armour, tough skin 1
a: Curse Item, Scrying, Transfer Knowledge, Renounce Religion


You were on level 4 of the Snake Pit.
You worshipped Ashenzari.
Ashenzari was exalted by your worship.
You visited 5 branches of the dungeon, and saw 25 of its levels.
You visited 1 bazaar.
You also visited: Ossuary and Volcano.

You collected 2448 gold pieces.
You spent 2092 gold pieces at shops.

Inventory:

Hand Weapons
 a - the cursed +6 falchion of Defiance (weapon) {vorpal, MR++ Dex+2}
   (You found it on level 5 of the Dungeon)

   It inflicts extra damage upon your enemies.
   It affects your dexterity (+2).
   It affects your resistance to hostile enchantments.
   It has a curse placed upon it.
 S - the +8 autumn katana {vorpal, Clar}
   (You bought it in a shop in a bazaar)

   It inflicts extra damage upon your enemies.
   It protects you against confusion.
 T - the +9 long sword of Accord {vorpal, MR+ Int+2}
   (You found it on level 1 of the Snake Pit)

   It inflicts extra damage upon your enemies.
   It affects your intelligence (+2).
   It affects your resistance to hostile enchantments.
Armour
 t - +0 fire dragon scales
 w - a cursed +2 hat (worn)
 x - a cursed +0 kite shield (worn)
 D - cursed +0 steam dragon scales (worn)
 E - a cursed +1 cloak (worn)
 H - a +0 troll leather armour
 U - a +2 kite shield
Jewellery
 b - a cursed ring of wizardry (left hand)
 F - a cursed amulet of reflection (around neck)
 O - a cursed ring of stealth (right hand)
 Q - an uncursed ring of resist corrosion
Wands
 c - a wand of paralysis (28)
 i - a wand of enslavement (8)
 r - a wand of iceblast (14)
 v - a wand of digging (2)
 y - a wand of acid (6)
 C - a wand of flame (3)
 N - a wand of random effects (14)
Scrolls
 e - 4 scrolls of fear
 f - 4 scrolls of enchant armour
 g - 3 scrolls of enchant weapon
 h - 12 scrolls of remove curse
 k - a scroll of magic mapping
 l - 5 scrolls of blinking
 m - 3 scrolls of fog
 n - 7 scrolls of teleportation
 u - 4 scrolls of amnesia
 R - a scroll of brand weapon {unknown}
 V - 3 scrolls of identify
Potions
 d - 6 potions of haste
 j - 6 potions of lignification
 o - 3 potions of ambrosia
 p - 6 potions of heal wounds
 q - 4 potions of might
 s - 4 potions of brilliance
 z - 5 potions of invisibility
 A - 3 potions of curing
 B - 4 potions of cancellation
 G - 3 potions of flight
 I - 4 potions of mutation
 J - 2 potions of resistance
 K - 2 potions of magic
 M - a potion of attraction {unknown}
 P - a potion of berserk rage {unknown}
Miscellaneous
 L - a phantom mirror


   Skills:
 - Level 23.8 Fighting
 - Level 1.4(4.3) Long Blades
 - Level 1.7(4.8) Dodging
 - Level 1.4(4.3) Stealth
 - Level 7.0(10.1) Shields
 + Level 13.6 Spellcasting
 - Level 5.0(9.4) Summonings
 * Level 12.6(16.7) Ice Magic
 - Level 2.4(6.0) Evocations


You had 22 spell levels left.
You knew the following spells:

 Your Spells              Type           Power        Failure   Level
a - Freeze                Ice            ####         0%          1
b - Frozen Ramparts       Ice            ######       0%          3
c - Ozocubu's Armour      Ice            ######..     0%          3
d - Summon Ice Beast      Ice/Summ       ######..     1%          4
e - Absolute Zero         Ice            ######....   86%         9

Your spell library contained the following spells:

 Spells                   Type           Power        Failure   Level
 Hailstorm                Conj/Ice       ######..     1%          4
 Metabolic Englaciation   Hex/Ice        ######....   1%          5
 Confusing Touch          Hex            ###.....     4%          3
 Gell's Gravitas          Tloc           ###.......   4%          3
 Petrify                  Tmut/Erth      ###.....     13%         4
 Yara's Violent Unravell  Hex/Tmut       ###.......   34%         5
 Chain Lightning          Conj/Air       ###.......   100%        8
 Lehudib's Crystal Spear  Conj/Erth      ###.......   100%        8
 Fire Storm               Conj/Fire      ###.......   100%        9


Dungeon Overview and Level Annotations

Branches:
Dungeon (12/15)            Temple (1/1) D:4            Lair (6/6) D:10
  Swamp (0/4) Lair:3        Snake (4/4) Lair:3        Slime (0/5) Lair:5
    Orc (2/2) D:10            Elf (0/3) Orc:2       Ossuary (visited)
Volcano (visited)

Altars:
Ashenzari
Cheibriados
Dithmenos
Elyvilon
Fedhas
Gozag
Hepliaklqana
Kikubaaqudgha
Makhleb
Nemelex Xobeh
Okawaru
Qazlal
Ru
Sif Muna
Trog
Uskayaw
Vehumet
Wu Jian
Xom
Yredelemnul
Zin
The Shining One
Beogh

Shops:
D:9 ?   Orc:2 **(}

Portals:
Pandemonium: Orc:2

Annotations:
D:11 3 runed translucent doors, TerrariaFan's ghost, weakling FoFi
Lair:6 3 runed translucent doors, dracfodder's ghost, journeyman GrBe


Innate Abilities, Weirdness & Mutations

You are too large for most types of armour.
You have tough skin. (AC +1)


Message History

A shock serpent comes into view.
A black mamba comes into view.
Found 25 gold pieces.
You feel better.
Unknown command.
Casting: Summon Ice Beast (safe; 1% risk of failure)
Confirm with . or Enter, or press ? or * to list all spells.
A chill wind blows around you.
The shock serpent hisses angrily.
The black mamba hisses angrily.
Unknown command.
Casting: Summon Ice Beast (safe; 1% risk of failure)
Confirm with . or Enter, or press ? or * to list all spells.
A chill wind blows around you.
* * * LOW MAGIC WARNING * * *
You block the black mamba's attack.
The shock serpent shoots out a bolt of lightning at you!
The bolt of electricity hits you!
* * * LOW HITPOINT WARNING * * *
The bolt of electricity hits you!
You die...

*** * ### , ,
....###* , ,,
,,......Y### ,
,,,,,.....Y...###
,,, , .......@...#
, , ,,
.......S....# * ,
, ,
,,..$..S........#
, *** *
*.....S.........
*###............,,
* ##...........
,,** ,
*............ ,, *
..#
#............,,,
** ..# * ,,, , * ,
,,, *


You could see a shock serpent, 2 black mambas and 2 friendly ice beasts.

Vanquished Creatures
  Jorgrun (Orc:1)
  Asterion (Snake:1)
  A nagaraja (Snake:3)
  4 naga warriors
  A boulder beetle (D:11)
  A catoblepas (Lair:1)
  6 anacondas
  9 death yaks
  2 two-headed ogres (Orc:2)
  A queen ant (Lair:6)
  4 orc high priests (Orc:2)
  A naga sharpshooter (Snake:2)
  A shock serpent (Snake:1)
  Nergalle (Lair:3)
  Sonja (Lair:4)
  A salamander mystic (Snake:2)
  A skeletal warrior (D:10)
  An infernal demonspawn (Orc:2)
  2 naga ritualists
  A torturous demonspawn (Orc:2)
  A bog body (Lair:3)
  4 orc knights (Orc:2)
  6 mana vipers
  Pikel (D:8)
  An ugly thing (Volcano)
  5 orc sorcerers (Orc:2)
  6 salamanders (Snake:2)
  A deep elf mage (D:12)
  4 naga magi
  7 elephants
  A rust devil (Orc:2)
  25 black mambas
  A smoke demon (Orc:2)
  Maggie (D:8)
  9 komodo dragons
  14 cane toads
  A rime drake (Lair:3)
  A freezing wraith (D:11)
  2 trolls
  A hornet (Lair:4)
  2 slime creatures (D:12)
  14 blink frogs
  3 tyrant leeches (Lair:6)
  47 yaks
  2 wyverns
  A basilisk (Lair:6)
  3 vampire mosquitoes (Lair:6)
  2 wargs
  2 steam dragons (D:6)
  5 soldier ants (Lair:6)
  18 nagas
  17 water moccasins
  2 sky beasts
  3 black bears
  25 orc warriors
  2 ice beasts
  4 ogres
  6 phantoms
  16 wolves
  4 centaurs
  A lemure (D:8)
  2 elf zombies (Ossuary)
  2 big kobolds
  17 bullfrogs
  2 gnoll sergeants
  2 scorpions
  2 killer bees (D:11)
  6 wights
  A nameless horror (D:8)
  5 howler monkeys
  6 electric eels
  5 centaur skeletons
  A human zombie (Ossuary)
  23 orc priests
  4 hounds
  A quasit (D:9)
  3 jellies
  Crazy Yiuf (D:7)
  An iguana (D:5)
  13 orc wizards
  16 worker ants
  3 big kobold zombies (Ossuary)
  2 hound zombies
  A hound skeleton (D:10)
  2 mummies (Ossuary)
  A howler monkey zombie (D:9)
  7 gnolls
  21 adders
  3 ufetubi
  2 oozes
  3 adder zombies
  A worm (D:4)
  4 dart slugs
  6 leopard geckos
  73 orcs
  2 ball pythons
  7 giant cockroaches
  7 goblins
  9 hobgoblins
  13 jackals
  14 kobolds
  5 quokkas
  4 bats
  7 frilled lizards
  2 goblin zombies (Ossuary)
  10 hobgoblin zombies (Ossuary)
  A jackal skeleton (D:4)
  A jackal zombie (Ossuary)
  10 kobold zombies (Ossuary)
  4 orc zombies (Ossuary)
  3 rats
  A rat zombie (Ossuary)
654 creatures vanquished.

Vanquished Creatures (collateral kills)
  2 entropy weavers (Lair:6)
  3 naga warriors
  5 anacondas
  A boulder beetle (D:8)
  A catoblepas (Lair:3)
  12 hydras
  2 two-headed ogres
  9 death yaks
  2 orc high priests (Orc:2)
  2 naga sharpshooters (Snake:2)
  A naga ritualist (Snake:2)
  2 mana vipers
  An orc sorcerer (Orc:2)
  An oklob plant (Lair:2)
  2 ugly things
  5 slime creatures (D:12)
  3 salamanders
  5 naga magi (Snake:1)
  9 black mambas
  A rust devil (Orc:2)
  A guardian serpent (Snake:4)
  5 cane toads
  2 gargoyles
  A torpor snail (Lair:6)
  2 komodo dragons
  A hellwing (Orc:2)
  2 red devils
  A polar bear (Lair:1)
  A hornet (D:12)
  A troll (D:11)
  2 tyrant leeches (Lair:6)
  A blink frog (Lair:6)
  A wyvern (D:12)
  A wraith (D:11)
  15 yaks
  A basilisk (Lair:6)
  3 vampire mosquitoes (Lair:6)
  12 nagas
  A warg (Orc:1)
  3 water moccasins
  5 orc warriors
  2 ogres
  An ice beast (D:11)
  6 wolves
  A nameless horror (D:8)
  9 bullfrogs
  A wight (D:7)
  5 killer bees (D:11)
  2 howler monkeys (D:11)
  A hound (D:12)
  5 orc wizards
  7 orc priests
  A bullfrog skeleton (D:9)
  A worker ant (Lair:6)
  A hound skeleton (D:8)
  A worker ant zombie (D:9)
  2 gnolls (D:9)
  3 adders
  A white imp (D:8)
  19 orcs
  A ball python (Snake:1)
201 creatures vanquished.

Vanquished Creatures (others)
  A vampire (D:12)
  A sky beast (D:8)
  A bullfrog (Lair:3)
  An orc (Orc:2)
  64 fungi
  134 plants
202 creatures vanquished.

Grand Total: 1057 creatures vanquished

Notes
Turn   | Place    | Note
-------+----------+-------------------------------------------
     0 | D:1      | lunkers the Ogre Ice Elementalist began the quest for the
                  | Orb.
     0 | D:1      | Reached XP level 1. HP: 16/16 MP: 3/3
   218 | D:1      | Reached XP level 2. HP: 24/24 MP: 0/5
   719 | D:1      | Reached XP level 3. HP: 21/31 MP: 1/7
  1666 | D:1      | Learned a level 3 spell: Frozen Ramparts
  1887 | D:2      | Reached XP level 4. HP: 37/39 MP: 1/8
  2785 | D:3      | Reached skill level 5 in Ice Magic
  2785 | D:3      | Reached XP level 5. HP: 20/45 MP: 6/10
  3391 | D:3      | Found a faded altar of an unknown god.
  3451 | D:3      | Found a shadowy altar of Dithmenos.
  3470 | D:3      | Reached XP level 6. HP: 36/53 MP: 6/12
  4194 | D:4      | Found a staircase to the Ecumenical Temple.
  4279 | Temple   | Entered the Ecumenical Temple
  4368 | Temple   | Became a worshipper of Ashenzari the Shackled
  4458 | D:4      | Learned a level 3 spell: Ozocubu's Armour
  4463 | D:4      | Learned a level 4 spell: Summon Ice Beast
  4553 | D:4      | Reached skill level 1 in Fighting
  4749 | D:4      | Reached XP level 7. HP: 63/63 MP: 9/14
  4832 | D:4      | Reached skill level 5 in Spellcasting
  4871 | D:4      | Reached skill level 2 in Fighting
  5004 | D:4      | Found an ornate altar of the Wu Jian Council.
  5210 | D:5      | Entered Level 5 of the Dungeon
  5268 | D:5      | Reached skill level 1 in Summonings
  5532 | D:5      | Got the falchion of Defiance {vorpal, MR++ Dex+2}
  5533 | D:5      | Identified the +6 falchion of Defiance {vorpal, MR++ Dex+2}
                  | (You found it on level 5 of the Dungeon)
  5899 | D:5      | Reached skill level 3 in Fighting
  5899 | D:5      | Reached XP level 8. HP: 20/75 MP: 6/16
  6212 | D:5      | Reached skill level 1 in Shields
  6559 | D:6      | Reached * piety under Ashenzari
  6570 | D:6      | Found a sand-covered staircase.
  6576 | Ossuary  | Entered an ossuary
  6881 | Ossuary  | Reached skill level 4 in Fighting
  7656 | D:6      | Reached XP level 9. HP: 68/87 MP: 11/18
  7827 | D:6      | Reached skill level 5 in Fighting
  8413 | D:6      | Found a radiant altar of Vehumet.
  8413 | D:6      | Found a hide-covered altar of Uskayaw.
  9469 | D:7      | Reached skill level 6 in Fighting
  9702 | D:7      | Found a runed translucent door.
  9703 | D:7      | Noticed Crazy Yiuf
  9927 | D:7      | Reached ** piety under Ashenzari
 10231 | D:7      | Killed Crazy Yiuf
 10282 | D:8      | Noticed a boulder beetle
 10292 | D:8      | Killed a boulder beetle
 10293 | D:8      | Reached XP level 10. HP: 54/100 MP: 0/21
 10490 | D:8      | Noticed a gargoyle
 10511 | D:8      | Killed a gargoyle
 10512 | D:8      | Reached skill level 7 in Fighting
 10636 | D:8      | Noticed Maggie
 10644 | D:8      | Killed Maggie
 10841 | D:8      | Found a glowing silver altar of Zin.
 10842 | D:8      | Found a sacrificial altar of Ru.
 11148 | D:8      | Noticed Pikel
 11163 | D:8      | Killed Pikel
 11164 | D:8      | Reached skill level 5 in Summonings
 11267 | D:9      | Reached skill level 5 in Shields
 11353 | D:9      | Reached skill level 8 in Fighting
 11592 | D:9      | Noticed a two-headed ogre
 11601 | D:9      | Killed a two-headed ogre
 11902 | D:9      | Found a stormy altar of Qazlal.
 12024 | D:9      | Found Somah's Magic Scroll Shop.
 12423 | D:10     | Entered Level 10 of the Dungeon
 12462 | D:10     | Reached XP level 11. HP: 78/113 MP: 19/23
 12643 | D:10     | Noticed a skeletal warrior
 12665 | D:10     | Killed a skeletal warrior
 12666 | D:10     | Reached skill level 9 in Fighting
 12799 | D:10     | Found a staircase to the Lair.
 12813 | D:10     | Identified the +4 scale mail of Cheibriados's Hope {rC-
                  | rCorr Dex+2}
 12967 | D:10     | Found a staircase to the Orcish Mines.
 13078 | D:10     | Reached *** piety under Ashenzari
 13113 | D:10     | Identified the +5 mace of Oddaizapn {flame, *Slow Str+5
                  | Int+3 Stlth+}
 13199 | D:10     | Noticed a two-headed ogre
 13221 | D:10     | Killed a two-headed ogre
 13893 | D:11     | Noticed a white ugly thing
 13903 | D:11     | Killed a white ugly thing
 14138 | D:11     | Noticed a boulder beetle
 14179 | D:11     | Reached skill level 10 in Fighting
 14188 | D:11     | Killed a boulder beetle
 14343 | D:11     | Reached skill level 10 in Spellcasting
 14675 | D:11     | Found a runed translucent gate.
 14676 | D:11     | Found a runed translucent gate.
 14678 | D:11     | Found a runed translucent gate.
 14680 | D:11     | Noticed a 12-headed hydra
 14680 | D:11     | Noticed TerrariaFan's ghost (weakling FoFi)
 14681 | D:11     | Identified the +2 shortbow of Yesterday {vorpal, rElec rN++
                  | Dex-3}
 14799 | Lair:1   | Entered Level 1 of the Lair of Beasts
 15002 | Lair:1   | Reached skill level 11 in Fighting
 15255 | Lair:1   | Noticed a catoblepas
 15269 | Lair:1   | Killed a catoblepas
 15270 | Lair:1   | Reached skill level 12 in Fighting
 15492 | Lair:1   | Noticed an eight-headed hydra
 15498 | Lair:1   | Killed an eight-headed hydra
 15499 | Lair:1   | Reached XP level 12. HP: 68/133 MP: 8/26
 15807 | Lair:1   | Reached **** piety under Ashenzari
 15955 | Lair:1   | Noticed an eight-headed hydra
 15964 | Lair:1   | Killed an eight-headed hydra
 16210 | Lair:1   | Reached skill level 13 in Fighting
 16656 | Lair:1   | Noticed a four-headed hydra
 16662 | Lair:1   | Killed a four-headed hydra
 17013 | Lair:2   | Reached skill level 14 in Fighting
 17286 | Lair:2   | Noticed a four-headed hydra
 17292 | Lair:2   | Killed a four-headed hydra
 17461 | Lair:2   | Noticed a death yak
 17461 | Lair:2   | Noticed a death yak
 17471 | Lair:2   | Noticed a death yak
 17473 | Lair:2   | Noticed a death yak
 17475 | Lair:2   | Noticed a death yak
 17517 | Lair:2   | Killed a death yak
 17518 | Lair:2   | Reached skill level 15 in Fighting
 17535 | Lair:1   | Killed a death yak
 17722 | Lair:1   | Killed a death yak
 17723 | Lair:1   | Killed a death yak
 17839 | Lair:2   | Noticed an eight-headed hydra
 17852 | Lair:2   | Killed an eight-headed hydra
 17853 | Lair:2   | Reached skill level 16 in Fighting
 18168 | Lair:2   | Reached ***** piety under Ashenzari
 18730 | Lair:3   | Noticed a death yak
 18733 | Lair:3   | Noticed a death yak
 18733 | Lair:3   | Noticed a death yak
 18734 | Lair:3   | Noticed a death yak
 18735 | Lair:3   | Noticed a death yak
 18751 | Lair:2   | Killed a death yak
 18753 | Lair:2   | Killed a death yak
 18754 | Lair:2   | Reached skill level 17 in Fighting
 18754 | Lair:2   | Reached XP level 13. HP: 74/156 MP: 13/27
 19371 | Lair:3   | Found a staircase to the Swamp.
 19372 | Lair:3   | Noticed Nergalle
 19415 | Lair:3   | Reached skill level 18 in Fighting
 19777 | Lair:3   | Killed Nergalle
 19989 | Lair:3   | Found a staircase to the Snake Pit.
 21108 | Lair:4   | Noticed Sonja
 21117 | Lair:4   | Killed Sonja
 21118 | Lair:4   | Reached skill level 19 in Fighting
 21361 | Lair:4   | Found a dark tunnel.
 21367 | Volcano  | Entered a volcano
 23224 | Lair:5   | Found a sparkling altar of Nemelex Xobeh.
 23304 | Lair:5   | Found a staircase to the Slime Pits.
 23431 | Lair:6   | Entered Level 6 of the Lair of Beasts
 23448 | Lair:6   | Reached skill level 20 in Fighting
 23809 | Lair:6   | Reached XP level 14. HP: 162/176 MP: 23/28
 24065 | Lair:5   | Reached skill level 21 in Fighting
 24513 | Lair:6   | Found a runed translucent gate.
 24513 | Lair:6   | Found a runed translucent gate.
 24514 | Lair:6   | Found a runed translucent gate.
 24545 | Lair:6   | Noticed dracfodder's ghost (journeyman GrBe)
 24550 | Lair:6   | Reached skill level 1 in Long Blades
 24800 | Lair:6   | Noticed an entropy weaver
 24816 | Lair:6   | Killed an entropy weaver
 25189 | Lair:6   | Noticed an entropy weaver
 25197 | Lair:6   | Killed an entropy weaver
 26847 | Lair:6   | Reached skill level 22 in Fighting
 27791 | Orc:1    | Entered Level 1 of the Orcish Mines
 28148 | Orc:1    | Found a roughly hewn altar of Beogh.
 28312 | Orc:2    | Entered Level 2 of the Orcish Mines
 28312 | Orc:2    | Reached ****** piety under Ashenzari
 28527 | Orc:2    | Found a staircase to the Elven Halls.
 28772 | Orc:2    | Found a roughly hewn altar of Beogh.
 28831 | Orc:2    | Reached XP level 15. HP: 192/192 MP: 28/31
 28932 | Orc:1    | Noticed Jorgrun
 28952 | Orc:1    | Killed Jorgrun
 29358 | Orc:2    | Found Kizaol's General Store.
 29369 | Orc:2    | Found Zisogao's General Store.
 29801 | Orc:2    | Reached skill level 23 in Fighting
 31066 | Orc:2    | Found Lopriod's Gadget Boutique.
 31066 | Orc:2    | Found Qodug's Antique Weapon Shop.
 31067 | Orc:2    | Found a one-way gate leading to the halls of Pandemonium.
 31088 | Orc:2    | Bought a translucent short sword for 216 gold pieces
 31088 | Orc:2    | Identified the +3 short sword "Roics" {protect, rF+} (You
                  | bought it in a shop on level 2 of the Orcish Mines)
 31998 | D:12     | Reached skill level 1 in Evocations
 32047 | D:12     | Paralysed by a hornet for 2 turns
 32893 | D:12     | Found a gateway to a bazaar.
 32970 | Bazaar   | Entered a bazaar
 32974 | Bazaar   | Found Hiamar's Jewellery Boutique.
 32992 | Bazaar   | Found Zesmuggirr's Weapon Emporium.
 33009 | Bazaar   | Found Namned's Book Boutique.
 33026 | Bazaar   | Found Fuepezor's Antique Weapon Shoppe.
 33095 | Bazaar   | Bought a book of Annihilations for 1214 gold pieces
 33112 | Bazaar   | Bought the +8 autumn katana {vorpal, Clar} for 662 gold
                  | pieces
 33112 | Bazaar   | Found the +8 autumn katana {vorpal, Clar}
 33165 | D:12     | Learned a level 9 spell: Absolute Zero
 33308 | Snake:1  | Entered Level 1 of the Snake Pit
 33796 | Snake:1  | Reached skill level 10 in Ice Magic
 34991 | Snake:1  | Identified the +9 long sword of Accord {vorpal, MR+ Int+2}
 35771 | Snake:1  | Noticed Asterion
 35785 | Snake:1  | Killed Asterion
 36570 | Snake:1  | Reached XP level 16. HP: 188/206 MP: 27/32
 38476 | Snake:2  | Found a radiant altar of Vehumet.
 40433 | Snake:3  | Noticed a nagaraja
 40449 | Snake:3  | Killed a nagaraja
 40888 | Snake:4  | Entered Level 4 of the Snake Pit
 41190 | Snake:4  | Killed from afar by a shock serpent

Illustrated notes

Levels and vault maps discovered:
D:1:      lightli_arrival_farm, layout_basic, hangedman_decor_clover_reticule,
          chequers_serial_rivers_micro_c, chequers_serial_rivers_micro_a
D:2:      layout_basic, grunt_ministairs_5
D:3:      layout_loops_corners, chequers_ecumenical_altar_simple_redux,
          grunt_dithmenos_smoke_and_mirrors
D:4:      layout_rooms, lemuel_doored_altar,
          minmay_temple_entry_enclosed_plants, amethyst_killhole, minmay_unequal
D:5:      layout_cave_pools
D:6:      kennysheep_steamy, layout_loops_cross,
          gammafunk_temple_overflow_statue, nicolae_ossuary_entry_plus
D:7:      layout_loops_corners, uniq_crazy_yiuf_cottage
D:8:      layout_rooms, chequers_temple_overflow_statue_of_worship, uniq_maggie,
          uniq_pikel
D:9:      layout_long_grid, grunt_qazlal_sundering, serial_shops, shop,
          chequers_serial_rivers_small_a, minmay_misc_feat_rows
D:10:     layout_rooms, lair_entry_dummy, orc_0_dummy, serial_corexii_hall,
          corexii_hall_statues_deadend, corexii_hall_statues_i,
          chequers_hall_statues_y, chequers_hall_statues_wall_a,
          chequers_serial_rivers_small_a, nrook_pool_corridor, minmay_checkerbox
D:11:     layout_big_octagon, gammafunk_ghost_hydra_chop,
          minmay_fractal_squares_diagonal_5
D:12:     layout_gridville, serial_shops, bzr_entry_safe
Temple:   lightli_temple_of_artemis
Lair:1:   cheibrodos_lair_river_kwai, layout_hall_layers, grunt_megastairs_1,
          lemuel_fruit_tree
Lair:2:   layout_gridlike, beast_lair_carwin_2, serial_bayou_shore_a,
          minmay_lair_oklob_chamber, grunt_megastairs_4, serial_bayou_shore_b
Lair:3:   layout_small_grid, skrybe_swamp_entry_bodies,
          guppyfry_snake_entry_garden, uniq_nergalle
Lair:4:   layout_roguey, nicolae_volcano_entry_s_turn, st_stairs_10, uniq_sonja
Lair:5:   layout_cave_pods, dpeg_slime_entry_corner, basic_altar,
          minmay_hedge_maze
Lair:6:   minmay_lair_end_frog_pond, layout_regular_city,
          maelrawn_ghost_gauntlet_escape, wad_woods_antlair
Snake:1:  minmay_snake_river, layout_chambers, serial_bayou_ford_a,
          grunt_ministairs_13, uniq_asterion
Snake:2:  layout_basic, basic_altar
Snake:3:  layout_basic
Snake:4:  grunt_snake_rune_spirals, layout_onion
Orc:1:    layout_caves, minmay_orc_temple_a, uniq_jorgrun
Orc:2:    pf_orc_diabolical, layout_caves, basic_altar

Skill      XL: |  1  2  3  4  5  6  7  8  9 10 11 12 13 14 15 16 |
---------------+-------------------------------------------------+-----
Ice Magic      | 4 5 6 7 8 9 11 12 | 12.6
Spellcasting   | 3 4 5 6 7 8 10 12 13 | 13.6
Fighting       | 1 3 4 6 8 12 17 20 22 23 | 23.8
Summonings     | 1 2 4 5 |  5.0
Shields        | 2 4 5 7 |  7.0
Long Blades    | 1 |  1.4
Evocations     | 2 |  2.4
Dodging        | |  1.7
Stealth        | |  1.4

Action                   |  1- 3 |  4- 6 |  7- 9 | 10-12 | 13-15 | 16-18 || total
-------------------------+-------+-------+-------+-------+-------+-------++-------
Melee: Unarmed           |       |     4 |       |       |       |       ||     4
       Mace              |       |    15 |     7 |       |       |       ||    22
       Falchion          |       |       |   185 |   213 |   292 |    79 ||   769
 Cast: Freeze            |    54 |    67 |   109 |   183 |   410 |    72 ||   895
       Frozen Ramparts   |       |     9 |    17 |    30 |    79 |    25 ||   160
       Ozocubu's Armour  |       |       |     8 |     5 |       |     1 ||    14
       Summon Ice Beast  |       |       |     5 |    98 |   215 |    55 ||   373
Invok: Curse Item        |       |     1 |     5 |     1 |     1 |       ||     8
Evoke: Wand              |       |       |     2 |    19 |    11 |       ||    32
  Use: Scroll            |       |       |       |    16 |    11 |     4 ||    31
       Potion            |       |       |       |       |       |     2 ||     2
 Stab: Sleeping          |       |       |     3 |       |       |     2 ||     5
       Distracted        |       |       |       |     2 |     3 |       ||     5
Armor: Robe              |     9 |    19 |    69 |       |       |       ||    97
       Steam dragon scal |       |       |    21 |   121 |   162 |    42 ||   346
Dodge: Dodged            |    34 |    53 |   127 |   160 |   272 |    60 ||   706
Block: Kite shield       |       |       |    89 |   377 |   701 |   184 ||  1351
       Reflection        |       |       |     5 |    13 |    22 |    23 ||    63
       Rpst.: Falchion   |       |       |    32 |    27 |    72 |     8 ||   139

Table legend: (Time is in decaauts)
 A = Elapsed time spent in this place.
 B = Non-inter-level travel time spent in this place.
 C = Inter-level travel time spent in this place.
 D = Time resting spent in this place.
 E = Time spent auto-exploring this place.
 F = Levels seen in this place.
 G = Mean time per level.
                   A        B        C        D        E       F      G
               +--------+--------+--------+--------+--------+-----+--------+
         Total |  41495 |  40167 |   1328 |   2643 |  30673 |  28 | 1482.0 |
       Dungeon |  15654 |  14967 |    687 |     90 |  12396 |  12 | 1304.5 |
        Temple |    111 |     91 |     20 |      0 |     86 |   1 |  111.0 |
          Lair |  12776 |  12316 |    460 |   1602 |   8694 |   6 | 2129.3 |
     Snake Pit |   7908 |   7801 |    107 |    275 |   6368 |   4 | 1977.0 |
  Orcish Mines |   3628 |   3576 |     52 |     75 |   2822 |   2 | 1814.0 |
        Bazaar |    166 |    166 |      0 |      0 |     69 |   1 |  166.0 |
       Ossuary |    871 |    871 |      0 |    314 |    236 |   1 |  871.0 |
       Volcano |    378 |    378 |      0 |    287 |      0 |   1 |  378.0 |
               +--------+--------+--------+--------+--------+-----+--------+

Top non-repeatable levels by time:
 Snake:1: 4221 daAuts
  Lair:6: 3188 daAuts
   Orc:2: 2702 daAuts
  Lair:1: 2572 daAuts
  Lair:5: 2266 daAuts
  Lair:2: 2102 daAuts
 Snake:2: 1985 daAuts
     D:1: 1708 daAuts
  Lair:3: 1595 daAuts
     D:7: 1583 daAuts
     D:6: 1572 daAuts
 Snake:3: 1398 daAuts
    D:12: 1361 daAuts
     D:3: 1327 daAuts
    D:10: 1305 daAuts
